 Dungeon Crawl Stone Soup version 0.20-a0-432-g25cc1b4 (webtiles) character file.

554364 Leszczynek the Severer (level 25, -5/218 HPs)
             Began as a Deep Dwarf Wanderer on Jan 1, 2017.
             Was the Champion of Makhleb.
             Slain by a golden dragon (30 damage)
             ... on level 2 of the Realm of Zot on Jan 2, 2017.
             The game lasted 04:21:46 (58553 turns).

Leszczynek the Severer (Deep Dwarf Wanderer)       Turns: 58553, Time: 04:21:47

Health: -5/218     AC: 47    Str: 26    XL:     25   Next: 15%
Magic:  25/25      EV: 17    Int: 23    God:    Makhleb [******]
Gold:   2738       SH:  4    Dex: 19    Spells: 3/29 levels left

rFire  + . .     SeeInvis +     b - +6 battleaxe (vamp)
rCold  + + .     Gourm    .     R - +8 gold dragon scales
rNeg   + . .     Faith    .     (shield currently unavailable)
rPois  +         Spirit   .     F - +2 helmet "Diluej" {MR- Str+4 Dex+4 SInv}
rElec  +         Reflect  +     X - +2 cloak {MR+}
rCorr  +         Harm     .     U - +0 pair of gloves {Str+3}
MR     +++..                    W - +2 pair of boots {run}
Stlth  ..........               k - +4 amulet of reflection
                                r - ring of resist corrosion
                                T - ring "Nezowib" {rElec rC+ MP+9 AC+3 Int+4}

@: non-regenerating, slowed, very slow
A: damage resistance, recharge devices, yellow scales 1, agile 1, frail 1,
negative energy resistance 1, sense surroundings 3, slow regeneration 3, weak 1
}: 3/15 runes: decaying, silver, gossamer
a: Heal Wounds, Minor Destruction, Lesser Servant of Makhleb, Major Destruction,
Greater Servant of Makhleb, Renounce Religion


You were on level 2 of the Realm of Zot.
You worshipped Makhleb.
Makhleb was exalted by your worship.
You were hungry.

You visited 10 branches of the dungeon, and saw 47 of its levels.
You also visited: Volcano.

You collected 6204 gold pieces.
You spent 3466 gold pieces at shops.

Inventory:

Hand Weapons
 a - a +9 vampiric lajatang {Agnes}
 b - a +6 vampiric battleaxe (weapon)
 f - a +4 lajatang of speed
Missiles
 i - 6 javelins of penetration
 N - 2 throwing nets
 P - 16 javelins (quivered)
Armour
 F - the +2 helmet "Diluej" (worn) {MR- Str+4 Dex+4 SInv}
   (You bought it in a shop on level 10 of the Dungeon)

   It affects your strength (+4).
   It affects your dexterity (+4).
   It affects your resistance to hostile enchantments.
   It lets you see invisible.
 R - +8 gold dragon scales (worn)
 U - a +0 pair of gloves of strength (worn)
 W - a +2 pair of boots of running (worn)
 X - a +2 cloak of magic resistance (worn)
Jewellery
 c - an uncursed ring of protection from fire
 k - a +4 amulet of reflection (around neck)
 r - a ring of resist corrosion (right hand)
 t - an uncursed ring of protection from fire
 T - the ring "Nezowib" (left hand) {rElec rC+ MP+9 AC+3 Int+4}
   (You found it on level 5 of the Vaults)

   [ring of protection]

   It affects your AC (+3).
   It affects your intelligence (+4).
   It protects you from cold.
   It insulates you from electricity.
   It affects your magic capacity (+9).
 Z - the ring "Jucvaoci" {*Drain rPois rC+ MR++ Int+3}
   (You found it on level 5 of the Vaults)

   [ring of intelligence]

   It affects your intelligence (+3).
   It protects you from cold.
   It protects you from poison.
   It affects your resistance to hostile enchantments.
   It causes draining when unequipped.
Wands
 v - a wand of clouds (5/9)
 A - a wand of lightning (9/15)
 H - a wand of paralysis (13/24)
 K - a wand of digging (14/24)
 Q - a wand of confusion (31/48)
 V - a wand of iceblast (5/15)
Scrolls
 g - 10 scrolls of teleportation
 j - 7 scrolls of blinking
 m - a scroll of holy word {!r}
 p - 12 scrolls of magic mapping
 q - a scroll of silence {!r}
 y - 2 scrolls of summoning
 I - 22 scrolls of remove curse {@r2}
 M - 12 scrolls of identify {@r1}
 O - 6 scrolls of fog
Potions
 e - 15 potions of curing {@q1}
 n - 4 potions of cancellation
 s - 4 potions of ambrosia
 u - a potion of might
 w - a potion of agility
 z - 8 potions of heal wounds {@q2}
 C - 2 potions of cure mutation {!q}
 E - 4 potions of haste
 J - 4 potions of resistance
 L - 12 potions of lignification {!q}
 Y - 2 potions of invisibility
Miscellaneous
 l - a sack of spiders
 x - a lightning rod (4/4)
 B - a box of beasts
 D - a fan of gales
 G - a lamp of fire
 S - a phantom mirror
Comestibles
 d - 15 bread rations
 h - 13 meat rations


   Skills:
 * Level 17.9 Fighting
 - Level 18.7(20.3) Axes
   Level 13.6(20.1) Maces & Flails
 - Level 16.9(18.3) Staves
 - Level 8.7 Throwing
 - Level 16.5 Armour
 - Level 18.0 Dodging
 - Level 1.2 Stealth
   Level 10.6 Shields
 - Level 2.6 Spellcasting
 - Level 9.0 Charms
   Level 1.7 Transmutations
 - Level 6.0 Air Magic
 + Level 11.2 Invocations
 + Level 11.0 Evocations


You had 3 spell levels left.
You knew the following spells:

 Your Spells              Type           Power        Failure   Level  Hunger
a - Apportation           Tloc           #.........   99%         1    None
b - Shroud of Golubria    Chrm/Tloc      ###.......   63%         2    ##.....
c - Summon Butterflies    Summ           #.......     99%         1    None
d - Discord               Hex            #.........   100%        8    #######
e - Disjunction           Tloc           #.........   100%        8    #######
f - Song of Slaying       Chrm           #####...     12%         2    ##.....
w - Repel Missiles        Chrm/Air       #####.       17%         2    ##.....
P - Swiftness             Chrm/Air       #####...     17%         2    ##.....


Dungeon Overview and Level Annotations

Branches:
Dungeon (15/15)            Temple (1/1) D:7            Lair (6/6) D:11
  Swamp (4/4) Lair:2       Spider (4/4) Lair:4          Orc (2/2) D:12
    Elf (3/3) Orc:2        Vaults (5/5) D:13          Crypt (0/3) Vaults:3
 Depths (5/5) D:15            Zot (2/5) Depths:5
  Slime: Lair:5-6

Altars:
Ashenzari
Cheibriados
Dithmenos
Elyvilon
Fedhas
Gozag
Hepliaklqana
Kikubaaqudgha
Makhleb
Nemelex Xobeh
Okawaru
Qazlal
Ru
Sif Muna
Trog
Uskayaw
Vehumet
Xom
Yredelemnul
Zin
The Shining One
Beogh
Lugonu

Shops:
D:9 ?   D:10 [   D:12 ?   Orc:1 *   Orc:2 [?:[   Vaults:1 %   Depths:1 [

Portals:
Hell: Depths:1 Depths:2 Depths:4 Depths:5
Abyss: Depths:3 Depths:4 Depths:5
Pandemonium: Depths:3 Depths:4
Ziggurat: Depths:4

Annotations:
D:3 exclusion: orc wizard
D:10 6h hydra
D:12 skeletal warrior
D:13 Snorg
D:14 1 runed door, exclusion: Roxanne, Roxanne
Lair:2 Nergalle
Lair:3 lindwurm vault (flight required)
Lair:6 dire elephant vault, exclusions: 3 doors and oklob plant
Elf:2 3 runed doors
Depths:3 disto jory, Jory


Innate Abilities, Weirdness & Mutations

You are resistant to damage.
You can recharge devices by infusing magical energy.
You resist negative energy. (rN+)
You passively map a large area around you.
You do not regenerate.
You are partially covered in yellow scales. (AC +2)
You are agile. (Dex +2)
You are frail. (-10% HP)
You are weak. (Str -2)


Message History

The golden dragon bites you!!!
* * * LOW HITPOINT WARNING * * *
The golden dragon closely misses you. The golden dragon tramples you!!
* * * LOW HITPOINT WARNING * * *
You hold your ground!
The death cob closely misses you. The storm dragon misses you.
The storm dragon completely misses you. The storm dragon tramples you.
* * * LOW HITPOINT WARNING * * *
You hold your ground!
The golden dragon closely misses you.
The golden dragon claws you but does no damage.
The golden dragon tramples you but does no damage.
You hear a deafening roar! x2
Unknown command.
Unknown command.
Okay, then.
You feel much better. The death cob hits you!
* * * LOW HITPOINT WARNING * * *
The death cob hits you but does no damage.
The golden dragon bites you!!
You die...

##### #...#### # *
###......# .. * * *
* *
#####.@z.....#... *
, ,
,,.......DD.........
,, ,,
.................. ,
, , ,,
,.........†........
,, ,, , ,
**##########...#....
* ,,, ,,, , , ,
......... , ,
.......... , , , ,,
........... , ,* *
#####...#### *


You could see a golden dragon (berserk), a storm dragon and a death cob.

Vanquished Creatures
  Mennas (Vaults:4)
  Bai Suzhen (Depths:2)
  the Lernaean hydra (Swamp:4)
  Saint Roka (Vaults:2)
  4 caustic shrikes (Depths:4)
  4 golden dragons
  The ghost of psellion the Peltast, an adept TrMo of Cheibriados (Depths:2)
  Nikola (Swamp:2)
  3 liches
  13 tentacled monstrosities
  2 deep elf master archers (Elf:3)
  2 deep elf blademasters (Elf:3)
  2 quicksilver dragons (Vaults:5)
  4 titans
  Agnes (Spider:1)
  6 sphinxes
  A sphinx (shapeshifter) (Depths:2)
  A thorn hunter (Swamp:4)
  6 tengu reavers
  2 draconian monks
  7 shadow dragons
  5 storm dragons
  Donald (Vaults:1)
  A revenant (Vaults:3)
  9 fire giants
  2 draconian scorchers
  2 draconian knights (Zot:1)
  18 frost giants
  2 deep elf sorcerers
  9 emperor scorpions
  Louise (Depths:4)
  3 ghost moths
  22 vault wardens
  A balrug (Depths:1)
  3 deep elf elementalists
  2 draconian annihilators
  18 ironheart preservers
  26 very ugly things
  A war gargoyle (Vaults:5)
  21 stone giants
  4 entropy weavers
  3 green draconians
  4 black draconians
  10 deep elf annihilators
  2 vampire knights
  A dire elephant (D:15)
  8 deep elf demonologists (Elf:3)
  3 red draconians
  13 ettins
  2 large abominations (Vaults:5)
  A spark wasp (Spider:4)
  7 yellow draconians
  3 purple draconians
  2 white draconians
  10 deep elf death magi
  2 crystal guardians
  10 fire dragons
  A merfolk impaler (Depths:1)
  16 ogre magi
  8 deep elf high priests
  8 great orbs of eyes
  7 rakshasas
  A great orb of eyes (shapeshifter) (Vaults:5)
  31 vault guards
  2 spriggan air magi
  15 ice dragons
  16 yaktaur captains
  Erolcha (Orc:2)
  21 hydras
  13 centaur warriors
  9 dancing weapons
  50 two-headed ogres
  7 alligators
  7 deep troll shamans
  5 tengu warriors
  6 spriggan berserkers
  10 deep troll earth magi
  2 sun demons (Depths:1)
  15 deep elf knights
  3 skeletal warriors (D:12)
  2 shadow wraiths
  6 iron trolls (Depths:5)
  5 flayed ghosts
  A storm dragon skeleton (Vaults:3)
  An unseen horror (shapeshifter) (Elf:3)
  7 swamp dragons (Swamp:4)
  2 spriggan druids
  3 unseen horrors
  6 glowing orange brains
  39 deep trolls
  10 ironbrand convokers
  15 deep elf archers
  13 wizards
  4 phantasmal warriors
  4 lindwurms (Lair:3)
  21 orb spiders
  2 harpies (shapeshifter)
  14 orc knights
  3 harpies (Vaults:3)
  3 necromancers
  30 wolf spiders
  2 cyclopes
  78 deep elf magi
  4 orc sorcerers
  55 ugly things
  A salamander (shapeshifter) (Vaults:5)
  A shining eye (shapeshifter) (Depths:5)
  A moth of wrath (shapeshifter) (Depths:3)
  10 moths of wrath
  Maurice (Orc:2)
  10 elephants
  A fire giant skeleton (Vaults:3)
  A guardian serpent (shapeshifter) (Vaults:2)
  14 vault sentinels
  2 black mambas
  Joseph (D:7)
  A stone giant skeleton (Vaults:3)
  2 molten gargoyles (Volcano)
  A human zombie (Vaults:3)
  2 gargoyles (Volcano)
  2 torpor snails
  A spiny frog (shapeshifter) (D:14)
  14 spiny frogs
  17 demonic crawlers
  2 human skeletons (Vaults:3)
  3 rime drakes
  2 efreet
  9 komodo dragons
  5 freezing wraiths
  A yaktaur skeleton (Vaults:3)
  46 yaktaurs
  4 small abominations
  3 tengu conjurers
  43 jumping spiders
  7 trolls
  15 hornets
  4 polar bears
  A merfolk (shapeshifter) (Depths:4)
  A meliai (shapeshifter) (Vaults:5)
  5 tyrant leeches
  A wind drake (shapeshifter) (Depths:1)
  9 hippogriffs
  2 blink frogs (Lair:1)
  2 hippogriffs (shapeshifter)
  5 bog bodies
  44 slime creatures
  4 dream sheep (Lair:6)
  A frost giant simulacrum (Vaults:2)
  73 redbacks
  A centaur simulacrum (D:14)
  7 water elementals
  A vampire (D:14)
  27 tarantellas
  6 air elementals
  2 spriggans
  2 shadows
  3 wraiths
  A basilisk (Lair:5)
  A steam dragon (shapeshifter) (Depths:3)
  A fire elemental (Elf:1)
  3 hogs (D:13)
  2 wyverns
  28 yaks
  A basilisk (shapeshifter) (Vaults:4)
  A golden eye (shapeshifter) (D:15)
  A human (shapeshifter) (Vaults:2)
  2 hungry ghosts (D:11)
  Menkaure (D:7)
  10 vampire mosquitoes
  6 wargs
  5 insubstantial wisps
  A soldier ant (D:14)
  21 swamp worms
  3 acid dragons
  10 water moccasins
  4 porcupines
  2 hell hounds (D:11)
  5 sky beasts
  A floating eye (shapeshifter) (Vaults:5)
  39 orc warriors
  2 floating eyes
  2 black bears
  14 swamp drakes
  An eye of draining (D:15)
  10 ice beasts
  An eye of draining (shapeshifter) (Vaults:1)
  5 boggarts
  41 ogres
  3 phantoms
  An ettin simulacrum (Vaults:3)
  12 wolves
  21 centaurs
  12 crocodiles
  8 big kobolds
  2 gnoll sergeants (D:12)
  12 earth elementals
  18 bullfrogs
  A water moccasin zombie (D:10)
  2 scorpions
  16 killer bees
  An elf simulacrum (Vaults:3)
  An electric eel (Lair:1)
  A vampire bat (D:3)
  24 wights
  6 howler monkeys
  8 crimson imps
  2 quasits
  A bullfrog zombie (D:6)
  A centaur zombie (D:12)
  A lava snake (Volcano)
  3 bullfrog skeletons
  15 orc priests
  6 centaur skeletons
  7 hounds
  5 jellies
  41 orc wizards
  4 iguanas
  11 worker ants
  A killer bee zombie (D:6)
  2 hound zombies
  A howler monkey zombie (D:10)
  3 worker ant zombies
  A gnoll (D:12)
  12 adders
  9 shadow imps
  5 adder skeletons
  2 worms
  2 dart slugs
  4 fire bats
  6 leopard geckos
  104 orcs
  An orc (shapeshifter) (Depths:2)
  2 spectral bats (D:3)
  3 bat skeletons (D:3)
  A bat zombie (D:3)
  8 giant cockroaches
  10 goblins
  5 hobgoblins
  12 jackals
  8 quokkas
  4 ball pythons
  18 bats
  A bat simulacrum (D:3)
  6 frilled lizards
  24 kobolds
  7 rats
  A briar patch (Swamp:4)
  A crawling corpse (Vaults:5)
  A fungus (Lair:4)
  A plant (Lair:2)
2041 creatures vanquished.

Vanquished Creatures (collateral kills)
  Mara (Depths:3)
  Kirke (D:13)
  Frances (D:13)
  An emperor scorpion (Spider:4)
  Aizul (Swamp:3)
  A draconian shifter (Zot:1)
  A stone giant (Volcano)
  The ghost of bration the Eclecticist, a journeyman DEFE of Vehumet (D:12)
  A red draconian (Zot:1)
  2 yellow draconians (Zot:1)
  Fannar (Lair:2)
  A rakshasa (D:15)
  3 hydras
  An ogre mage (Orc:2)
  An alligator (Swamp:4)
  A two-headed ogre (Vaults:1)
  A deep elf knight (Elf:2)
  A skeletal warrior (D:12)
  A deep elf archer (Elf:2)
  3 orc sorcerers (Orc:2)
  2 wolf spiders
  A deep elf mage (Vaults:1)
  An ugly thing (D:15)
  A salamander (D:15)
  A cyclops (D:15)
  An orb spider (Spider:3)
  A torpor snail (Spider:1)
  2 spiny frogs
  A komodo dragon (Lair:2)
  A komodo dragon (shapeshifter) (D:15)
  2 tyrant leeches
  A jumping spider (shapeshifter) (Vaults:1)
  3 hornets
  2 blink frogs (Lair:1)
  2 redbacks (Spider:4)
  3 spriggans
  2 tarantellas
  2 yaks (Lair:1)
  A wraith (D:13)
  2 vampire mosquitoes (Swamp:3)
  2 swamp worms
  A water moccasin (Lair:5)
  A sky beast (D:13)
  2 crocodiles
  A bullfrog (D:13)
  A killer bee (D:10)
  An orc wizard (Orc:2)
  3 orcs
69 creatures vanquished.

Vanquished Creatures (others)
  2 two-headed ogres (D:8)
  An orc knight (Vaults:5)
  A wolf spider (Spider:3)
  A jumping spider (Spider:2)
  A tarantella (Spider:1)
  A redback (Spider:4)
  A wraith (Vaults:3)
  2 ogres
  A centaur (D:8)
  A scorpion (D:8)
  A leopard gecko (D:8)
  An orc (D:8)
  A quokka (D:8)
  3 fungi
  3 plants (Lair:6)
21 creatures vanquished.

Grand Total: 2131 creatures vanquished

Notes
Turn   | Place    | Note
-------+----------+-------------------------------------------
     0 | D:1      | Leszczynek the Deep Dwarf Wanderer began the quest for the Orb.
     0 | D:1      | Leszczynek set off with: a book of Battle, the Reference Book on Talismans, a +0 robe, a bread ration, a +0 club
     0 | D:1      | Reached XP level 1. HP: 15/15 MP: 4/4
     0 | D:1      | stats 14/16/9 (+3/+8/+1)
     0 | D:1      | Identified the Reference Book on Talismans
     3 | D:1      | Learned a level 1 spell: Infusion
    77 | D:1      | Reached skill level 1 in Fighting
   158 | D:1      | Reached XP level 2. HP: 23/25 MP: 2/5
   258 | D:1      | ok, let's risk it
   262 | D:1      | didn't pay off
   388 | D:1      | Reached skill level 2 in Fighting
   745 | D:1      | Reached XP level 3. HP: 18/32 MP: 4/7
   759 | D:1      | Reached skill level 1 in Dodging
   941 | D:2      | Learned a level 2 spell: Shroud of Golubria
  1083 | D:2      | Reached skill level 2 in Dodging
  1593 | D:2      | Reached skill level 1 in Axes
  1910 | D:2      | Reached XP level 4. HP: 32/39 MP: 1/8
  2383 | D:3      | Reached skill level 1 in Maces & Flails
  2465 | D:3      | Reached skill level 2 in Maces & Flails
  2465 | D:3      | Reached XP level 5. HP: 22/45 MP: 4/9
  2562 | D:3      | Reached skill level 3 in Maces & Flails
  2787 | D:3      | Reached skill level 4 in Maces & Flails
  3020 | D:4      | Reached skill level 2 in Axes
  3020 | D:4      | Reached XP level 6. HP: 12/52 MP: 0/10
  3265 | D:4      | Identified the +1 ring mail of Somewhere Else {*Contam +Blink rC+} (You found it on level 4 of the Dungeon)
  3307 | D:4      | Reached skill level 3 in Axes
  3600 | D:4      | HP: 5/52 [iguana (9)]
  3766 | D:4      | Reached skill level 4 in Axes
  3944 | D:5      | Entered Level 5 of the Dungeon
  4020 | D:5      | Reached XP level 7. HP: 30/60 MP: 7/10
  4118 | D:5      | Reached skill level 5 in Axes
  4222 | D:5      | Reached skill level 6 in Axes
  4835 | D:6      | Reached skill level 2 in Shields
  4921 | D:5      | Reached skill level 3 in Shields
  5046 | D:6      | Reached skill level 4 in Shields
  5086 | D:5      | Reached skill level 5 in Shields
  5086 | D:5      | Reached XP level 8. HP: 36/67 MP: 11/11
  5285 | D:6      | Reached skill level 6 in Shields
  5508 | D:6      | Reached skill level 7 in Shields
  5685 | D:7      | Noticed Menkaure
  5689 | D:7      | Killed Menkaure
  5689 | D:7      | Reached skill level 7 in Axes
  5936 | D:7      | Found a staircase to the Ecumenical Temple.
  6000 | Temple   | Entered the Ecumenical Temple
  6041 | Temple   | Became a worshipper of Makhleb the Destroyer
  6233 | D:7      | Reached skill level 8 in Axes
  6243 | D:7      | Gained mutation: You passively map the area around you. [Deep Dwarf growth]
  6243 | D:7      | Reached XP level 9. HP: 62/73 MP: 11/11
  6263 | D:7      | Reached skill level 8 in Shields
  6327 | D:7      | Noticed Joseph
  6345 | D:7      | Killed Joseph
  6345 | D:7      | Reached skill level 9 in Axes
  6364 | D:7      | Reached skill level 3 in Fighting
  6835 | D:8      | Found a shimmering altar of Xom.
  6835 | D:8      | Noticed a two-headed ogre
  6837 | D:8      | Noticed a two-headed ogre
  6986 | D:8      | Killed a two-headed ogre
  7005 | D:8      | Reached * piety under Makhleb
  7235 | D:8      | Reached skill level 10 in Axes
  7235 | D:8      | Reached skill level 3 in Dodging
  7355 | D:8      | Reached skill level 4 in Fighting
  7404 | D:8      | Reached skill level 4 in Dodging
  7711 | D:8      | Killed a two-headed ogre
  7871 | D:8      | Noticed a two-headed ogre
  7966 | D:8      | Reached skill level 5 in Dodging
  7966 | D:8      | Reached XP level 10. HP: 37/87 MP: 6/6
  8452 | D:9      | Found Cautsug's Magic Scroll Shoppe.
  8473 | D:9      | Bought a scroll of fog for 28 gold pieces
  8473 | D:9      | Bought a scroll of identify for 28 gold pieces
  8473 | D:9      | Bought a scroll of identify for 28 gold pieces
  8608 | D:9      | Got a twitching turquoise ring
  8609 | D:9      | Identified the ring of Thoughtfulness {Int+6 Stlth+} (You found it on level 9 of the Dungeon)
  8616 | D:9      | nice ring
  8616 | D:9      | very fucking useful
  8712 | D:9      | Reached ** piety under Makhleb
  8998 | D:10     | Entered Level 10 of the Dungeon
  8998 | D:10     | Noticed a six-headed hydra
  9260 | D:10     | Reached skill level 5 in Fighting
  9292 | D:10     | Noticed a two-headed ogre
  9647 | D:10     | Reached skill level 1 in Evocations
  9674 | D:10     | Found Yghuyl's Armour Shop.
  9702 | D:10     | Killed an unseen horror
  9702 | D:10     | Reached skill level 11 in Axes
  9702 | D:10     | Reached skill level 2 in Evocations
  9711 | D:10     | Bought the +3 pair of gloves "Biav" {+Fly Int+3 SInv} for 547 gold pieces
  9761 | D:10     | Killed a two-headed ogre
  9761 | D:10     | Reached skill level 3 in Evocations
  9955 | D:10     | Reached skill level 4 in Evocations
 10078 | D:11     | Reached *** piety under Makhleb
 10134 | D:11     | i finally started to find aux armor
 10134 | D:11     | 15/11/11 now
 10201 | D:11     | Reached skill level 1 in Invocations
 10278 | D:11     | Reached skill level 2 in Invocations
 10286 | D:11     | Found a staircase to the Lair.
 10329 | D:11     | Reached skill level 3 in Invocations
 10365 | D:11     | Noticed a two-headed ogre
 10375 | D:11     | Killed a two-headed ogre
 10375 | D:11     | Reached skill level 4 in Invocations
 10375 | D:11     | Reached skill level 5 in Evocations
 10375 | D:11     | Reached XP level 11. HP: 94/94 MP: 6/6
 10477 | D:11     | Noticed an unseen horror
 10502 | D:11     | Killed an unseen horror
 10502 | D:11     | Reached skill level 5 in Invocations
 10732 | D:11     | Noticed a purple ugly thing
 10753 | D:11     | Killed a purple ugly thing
 10753 | D:11     | Reached skill level 6 in Invocations
 10753 | D:11     | Reached skill level 6 in Evocations
 10871 | D:11     | Reached skill level 7 in Invocations
 11035 | D:11     | Noticed a two-headed ogre
 11043 | D:11     | Killed a two-headed ogre
 11043 | D:11     | Reached skill level 8 in Invocations
 11043 | D:11     | Reached skill level 7 in Evocations
 11308 | D:12     | Noticed a cyan ugly thing
 11324 | D:12     | Killed a cyan ugly thing
 11513 | D:12     | Found a snail-covered altar of Cheibriados.
 11516 | D:12     | Found Zeuff's Magic Scroll Shoppe.
 11535 | D:12     | Paralysed by a hornet for 3 turns
 11543 | D:12     | Reached skill level 12 in Axes
 11744 | D:12     | Noticed bration's ghost (journeyman DEFE)
 11760 | D:12     | RUN
 11760 | D:12     | R U N
 11806 | D:12     | Noticed a centaur warrior
 11830 | D:12     | Noticed a skeletal warrior
 11830 | D:12     | Killed a centaur warrior
 11898 | D:11     | 26 fucking int
 11898 | D:11     | w h y
 11907 | Lair:1   | Entered Level 1 of the Lair of Beasts
 11954 | Lair:1   | Reached skill level 8 in Evocations
 12176 | Lair:1   | Found a frozen archway.
 12231 | Lair:1   | Reached **** piety under Makhleb
 12430 | D:10     | Bought a +0 shield of protection for 161 gold pieces
 12489 | Lair:1   | 19/11/11
 12764 | Lair:1   | Reached skill level 6 in Fighting
 12848 | Lair:2   | Noticed Nergalle
 12913 | Lair:2   | Reached XP level 12. HP: 62/105 MP: 9/9
 12928 | Lair:2   | Reached skill level 1 in Armour
 12944 | Lair:2   | Reached skill level 9 in Shields
 13217 | Lair:2   | Reached skill level 2 in Armour
 13241 | Lair:2   | Found a staircase to the Swamp.
 13288 | Lair:2   | Reached skill level 7 in Fighting
 13439 | Lair:2   | Noticed Fannar
 13457 | Lair:2   | Killed Fannar
 13457 | Lair:2   | Reached skill level 3 in Armour
 13791 | Lair:3   | Reached skill level 4 in Armour
 13989 | Lair:3   | Found a dark tunnel.
 14005 | Volcano  | Entered a volcano
 14143 | Volcano  | Found a burning altar of Makhleb.
 14159 | Volcano  | Reached skill level 8 in Fighting
 14159 | Volcano  | Reached skill level 5 in Armour
 14232 | Volcano  | Reached skill level 13 in Axes
 14293 | Volcano  | Noticed a stone giant
 14303 | Volcano  | Killed a stone giant
 14336 | Volcano  | bad loot
 14672 | Lair:3   | Reached skill level 6 in Armour
 15245 | Lair:4   | Noticed a five-headed hydra
 15270 | Lair:4   | Killed a five-headed hydra
 15270 | Lair:4   | Reached skill level 7 in Armour
 15334 | Lair:4   | Found a hole to the Spider Nest.
 16070 | Lair:5   | Noticed a five-headed hydra
 16080 | Lair:5   | Killed a five-headed hydra
 16389 | Lair:5   | Noticed a four-headed hydra
 16428 | Lair:5   | Reached XP level 13. HP: 60/117 MP: 10/10
 16433 | Lair:5   | Reached skill level 5 in Maces & Flails
 16516 | Lair:5   | Identified a scroll of acquirement
 16796 | Lair:6   | Entered Level 6 of the Lair of Beasts
 16848 | Lair:6   | Reached skill level 14 in Axes
 17106 | Lair:6   | Reached skill level 15 in Axes
 18103 | D:11     | Reached skill level 6 in Maces & Flails
 18305 | D:12     | Killed bration's ghost
 18506 | D:12     | Reached skill level 8 in Armour
 18794 | D:12     | Found a staircase to the Orcish Mines.
 18871 | D:12     | Reached skill level 7 in Maces & Flails
 19009 | D:10     | Bought a +0 cloak of magic resistance for 161 gold pieces
 19108 | Orc:1    | Entered Level 1 of the Orcish Mines
 19108 | Orc:1    | Found Ukonteh's Assorted Antiques.
 19235 | Orc:1    | Reached ***** piety under Makhleb
 19426 | Orc:2    | Entered Level 2 of the Orcish Mines
 19542 | Orc:2    | Found a roughly hewn altar of Beogh.
 19699 | Orc:2    | Found a staircase to the Elven Halls.
 20092 | Orc:1    | Found a roughly hewn altar of Beogh.
 20462 | Orc:2    | Noticed Maurice
 20484 | Orc:2    | Gained mutation: You resist negative energy. (rN+) [Deep Dwarf growth]
 20484 | Orc:2    | Reached XP level 14. HP: 127/127 MP: 8/8
 20497 | Orc:2    | Killed Maurice
 20668 | Orc:2    | Found Ustrogg's Magic Scroll Shoppe.
 20714 | Orc:2    | Found a radiant altar of Vehumet.
 20715 | Orc:2    | Noticed Erolcha
 21065 | Orc:2    | Killed Erolcha
 21078 | Orc:2    | Reached skill level 9 in Invocations
 21110 | Orc:2    | Found an ancient bone altar of Kikubaaqudgha.
 21142 | Orc:2    | Found a roughly hewn altar of Beogh.
 21142 | Orc:2    | Found Giceugh's Antique Armour Emporium.
 21152 | Orc:2    | Found Yhoigac's Book Emporium.
 21163 | Orc:2    | Found Tileguce's Antique Armour Shoppe.
 21174 | Orc:2    | so amazingly shitty i'm impressed
 21303 | D:12     | Bought a scroll of summoning for 104 gold pieces
 21331 | D:12     | Reached skill level 9 in Fighting
 21477 | D:12     | Reached skill level 10 in Invocations
 21754 | D:13     | Found a gate to the Vaults.
 21795 | D:13     | Noticed Frances
 21999 | D:13     | Reached skill level 10 in Fighting
 22082 | D:13     | Gained mutation: You are agile. (Dex +2) [potion of beneficial mutation]
 22276 | D:13     | Reached skill level 6 in Dodging
 22283 | D:13     | Noticed Kirke
 22294 | D:13     | Killed Kirke
 22294 | D:13     | Reached skill level 8 in Maces & Flails
 22445 | D:13     | Noticed Snorg
 22600 | D:13     | Reached skill level 9 in Maces & Flails
 22734 | D:13     | Killed Frances
 22880 | D:14     | Found a glowing silver altar of Zin.
 22881 | D:14     | Found a runed door.
 22881 | D:14     | Noticed an angel
 22970 | D:14     | Noticed Roxanne
 23108 | D:14     | Reached skill level 10 in Maces & Flails
 23592 | D:15     | Entered Level 15 of the Dungeon
 23777 | D:15     | Reached skill level 11 in Maces & Flails
 23941 | D:15     | Found a shattered altar of Ashenzari.
 23965 | D:15     | Reached XP level 15. HP: 47/138 MP: 9/9
 24230 | D:15     | Reached skill level 12 in Maces & Flails
 24417 | D:15     | Found a staircase to the Depths.
 25045 | Swamp:1  | Entered Level 1 of the Swamp
 25899 | Swamp:1  | Reached skill level 13 in Maces & Flails
 25986 | Swamp:1  | Learned a level 1 spell: Apportation
 26117 | Swamp:2  | Noticed Nikola
 26133 | Swamp:2  | Killed Nikola
 26409 | Swamp:2  | Got a pitted scale mail
 26420 | Swamp:2  | Identified the cursed +1 scale mail of Broken Taboos {Int+2} (You found it on level 2 of the Swamp)
 26467 | Swamp:2  | Reached skill level 9 in Armour
 26941 | Swamp:3  | Noticed Aizul
 26960 | Swamp:3  | Killed Aizul
 27035 | Swamp:3  | Reached skill level 10 in Shields
 27110 | Swamp:3  | Reached skill level 1 in Throwing
 27157 | Swamp:3  | Reached skill level 2 in Throwing
 27317 | Swamp:3  | Reached skill level 3 in Throwing
 27718 | Swamp:4  | Entered Level 4 of the Swamp
 27752 | Swamp:4  | Noticed a thorn hunter
 27768 | Swamp:4  | Killed a thorn hunter
 27768 | Swamp:4  | Reached skill level 4 in Throwing
 27840 | Swamp:4  | Identified a +0 pair of boots of running (You found it on level 4 of the Swamp)
 27847 | Swamp:4  | Reached skill level 5 in Throwing
 28185 | Swamp:4  | Reached ****** piety under Makhleb
 28266 | Swamp:4  | Reached skill level 6 in Throwing
 28284 | Swamp:4  | Reached XP level 16. HP: 140/146 MP: 10/10
 28625 | Swamp:4  | Reached skill level 7 in Throwing
 28672 | Swamp:4  | Noticed the 27-headed Lernaean hydra
 28672 | Swamp:4  | shieeeeet
 28697 | Swamp:4  | Killed the 27-headed Lernaean hydra
 28697 | Swamp:4  | Reached skill level 8 in Throwing
 28816 | Swamp:4  | Got a decaying rune of Zot
 28951 | Lair:2   | i really don't like playing deep dwarves
 29042 | Spider:1 | Entered Level 1 of the Spider Nest
 29294 | Spider:1 | Noticed Agnes
 29295 | Spider:1 | vampiric LAJATANG
 29295 | Spider:1 | ughhhhhh
 29295 | Spider:1 | oh well
 29295 | Spider:1 | now i only have to kill her
 29313 | Spider:1 | Killed Agnes
 29335 | Spider:1 | Reached skill level 1 in Staves
 29400 | Spider:1 | Reached skill level 2 in Staves
 29550 | Spider:1 | Reached skill level 3 in Staves
 29703 | Spider:1 | Reached skill level 4 in Staves
 29931 | Spider:1 | Reached skill level 5 in Staves
 30397 | Spider:2 | elec battleaxe
 30464 | Spider:2 | Reached skill level 6 in Staves
 30730 | Spider:2 | Reached skill level 7 in Staves
 31127 | Spider:2 | Reached skill level 8 in Staves
 31208 | Spider:3 | Reached XP level 17. HP: 154/154 MP: 11/11
 31475 | Spider:3 | Reached skill level 9 in Staves
 32103 | Spider:3 | Reached skill level 10 in Staves
 32735 | Spider:4 | Entered Level 4 of the Spider Nest
 32888 | Spider:4 | and that's a +9 vamp lajatang
 33300 | Spider:4 | lajatang of speed here
 33300 | Spider:4 | kek
 33389 | Spider:4 | Reached skill level 11 in Staves
 33631 | Spider:4 | Upgraded the game from 0.20-a0-428-g059cf21 to 0.20-a0-432-g25cc1b4
 34170 | Spider:4 | no invis potion
 34170 | Spider:4 | ohhhh boy
 34192 | Spider:4 | Reached skill level 12 in Staves
 34282 | Spider:4 | >berserked emperor scorpion
 34282 | Spider:4 | suuuure
 34807 | Spider:4 | huh, no spark wasps
 34813 | Spider:4 | Got a gossamer rune of Zot
 35095 | Vaults:1 | Entered Level 1 of the Vaults
 35190 | Vaults:1 | Reached skill level 13 in Staves
 35508 | Vaults:1 | Reached skill level 9 in Evocations
 35537 | Vaults:1 | Gained mutation: You passively map a large area around you. [Deep Dwarf growth]
 35537 | Vaults:1 | Reached XP level 18. HP: 150/163 MP: 11/11
 36059 | Vaults:1 | Reached skill level 10 in Evocations
 36067 | Vaults:1 | Found Caad's Food Emporium.
 36327 | Vaults:1 | Noticed Donald
 36338 | Vaults:1 | Killed Donald
 36956 | Vaults:2 | Reached skill level 11 in Evocations
 37129 | Vaults:2 | >27 int
 37253 | Vaults:2 | Noticed Saint Roka
 37323 | Vaults:2 | Reached skill level 14 in Staves
 37329 | Vaults:2 | Reached skill level 11 in Fighting
 37346 | Vaults:2 | Killed Saint Roka
 38444 | Vaults:2 | Reached skill level 12 in Fighting
 38493 | Vaults:2 | Reached skill level 10 in Armour
 38677 | Vaults:3 | Reached skill level 7 in Dodging
 38722 | Vaults:3 | Reached XP level 19. HP: 153/175 MP: 13/13
 38742 | Vaults:3 | Reached skill level 8 in Dodging
 38821 | Vaults:3 | Reached skill level 9 in Dodging
 38896 | Vaults:3 | Learned a level 1 spell: Summon Butterflies
 39297 | Vaults:3 | Reached skill level 10 in Dodging
 39566 | Vaults:3 | Found a staircase to the Crypt.
 40015 | Vaults:3 | Reached skill level 13 in Fighting
 40771 | Vaults:4 | Noticed Mennas
 40805 | Vaults:4 | Killed Mennas
 40805 | Vaults:4 | Reached skill level 14 in Fighting
 41451 | Vaults:4 | Reached skill level 15 in Fighting
 41542 | Vaults:4 | Reached XP level 20. HP: 194/194 MP: 14/14
 42149 | Depths:1 | Entered Level 1 of the Depths
 42235 | Depths:1 | no ego plate armour in the game at all
 42235 | Depths:1 | only 3 amulets: 2x faith and 1x inacc
 42305 | Depths:1 | Identified the ring "Cucu" {rPois MR+ Int+3 Dex-3} (You acquired it on level 1 of the Depths)
 42415 | Depths:1 | Found a shimmering altar of Xom.
 42637 | Depths:1 | Found Owaujao's Armour Shop.
 42761 | Depths:1 | Reached skill level 11 in Dodging
 42945 | Depths:1 | Found a gateway to Hell.
 43058 | Depths:2 | Reached skill level 16 in Fighting
 43268 | Depths:2 | Noticed psellion's ghost (adept TrMo)
 43300 | Depths:2 | Killed psellion's ghost
 43337 | Depths:2 | Reached skill level 12 in Dodging
 43453 | Depths:2 | Reached skill level 15 in Staves
 43877 | Depths:2 | Reached skill level 13 in Dodging
 44295 | Depths:2 | Reached XP level 21. HP: 199/205 MP: 14/14
 44751 | Depths:2 | Reached skill level 11 in Armour
 44848 | Depths:3 | Found a one-way gate leading to the halls of Pandemonium.
 44898 | Depths:3 | Noticed Bai Suzhen
 44945 | Depths:2 | Killed Bai Suzhen
 45002 | Depths:3 | Found a one-way gate to the infinite horrors of the Abyss.
 45005 | Depths:3 | Found a corrupted altar of Lugonu.
 45124 | Depths:3 | Noticed Mara
 45556 | Elf:1    | Entered Level 1 of the Elven Halls
 45836 | Orc:2    | Reached skill level 16 in Staves
 46510 | Elf:1    | Reached skill level 14 in Dodging
 47095 | Elf:1    | Identified the +11 broad axe "Zaguawer" {pain, rElec rF+ Str+6 Int-2} (You found it on level 1 of the Elven Halls)
 47096 | Elf:1    | uh
 47096 | Elf:1    | okay
 47096 | Elf:1    | this is decent
 47096 | Elf:1    | hmmmm
 47096 | Elf:1    | screw it, i'll stay with my lajatangs
 47223 | Elf:2    | Gained mutation: You are partially covered in yellow scales. (AC +2) [potion of beneficial mutation]
 47321 | Elf:2    | Found a runed gate.
 47321 | Elf:2    | Found a runed gate.
 47333 | Elf:2    | Found a runed gate.
 47757 | Elf:2    | hmmmmmmmmmmmmmmmmmmmmmm
 47757 | Elf:2    | why so late
 47757 | Elf:2    | vamp broad axe now
 47835 | Elf:3    | Entered Level 3 of the Elven Halls
 48514 | Elf:3    | Reached skill level 16 in Axes
 48954 | Elf:3    | oops
 49034 | Elf:3    | "oops" indeed
 49051 | Elf:3    | Got a transparent lead ring
 49052 | Elf:3    | Identified the ring "Zileil" {rC+ Int+3} (You took it off a deep elf death mage on level 3 of the Elven Halls)
 49147 | Elf:3    | at least higher elves give back a lot of HP
 49226 | Elf:3    | Reached skill level 17 in Axes
 49241 | Elf:3    | Identified the +8 battleaxe of Armageddon {flame, Str+4} (You took it off a deep elf demonologist on level 3 of the Elven Halls)
 49294 | Elf:3    | Reached XP level 22. HP: 213/213 MP: 15/15
 50065 | Elf:3    | Reached skill level 18 in Axes
 50068 | Elf:3    | Identified Vime's Disquisition on Translocation
 50072 | Elf:3    | Identified the Catalogue of the Rocks
 50079 | Elf:3    | 4th amulet in the game, mp regen
 50079 | Elf:3    | woo
 50084 | Elf:3    | Identified the Grimoire of Attacks
 50089 | Elf:3    | Learned a level 2 spell: Repel Missiles
 50092 | Elf:3    | Learned a level 2 spell: Swiftness
 50097 | Elf:3    | Identified the +5 ring mail of the Louse {MR- Dex+5 Slay+2} (You found it on level 3 of the Elven Halls)
 50600 | Vaults:5 | Entered Level 5 of the Vaults
 51147 | Vaults:5 | Noticed a golden dragon
 51186 | Vaults:4 | Killed a golden dragon
 51186 | Vaults:4 | Reached skill level 11 in Invocations
 51451 | D:10     | Bought the +2 helmet "Diluej" {MR- Str+4 Dex+4 SInv} for 536 gold pieces
 51708 | Vaults:5 | Reached skill level 12 in Armour
 51728 | Vaults:5 | Got a twitching golden ring
 51729 | Vaults:5 | Identified the ring "Jucvaoci" {*Drain rPois rC+ MR++ Int+3} (You found it on level 5 of the Vaults)
 51842 | Vaults:5 | Reached skill level 13 in Armour
 52043 | Vaults:5 | Reached skill level 14 in Armour
 52141 | Vaults:5 | Got a silver rune of Zot
 52195 | Vaults:5 | Identified the ring "Nezowib" {rElec rC+ MP+9 AC+3 Int+4} (You found it on level 5 of the Vaults)
 52196 | Vaults:5 | bingo!
 52328 | Vaults:5 | Reached skill level 15 in Armour
 52364 | Vaults:5 | Reached XP level 23. HP: 220/220 MP: 16/16
 52750 | Vaults:5 | Reached skill level 16 in Armour
 52796 | Vaults:5 | Reached skill level 15 in Dodging
 53238 | Vaults:5 | Identified A Thorough Guide to Witchcraft
 53255 | Vaults:5 | Learned a level 8 spell: Discord
 53264 | Vaults:5 | Learned a level 8 spell: Disjunction
 53693 | D:12     | Bought a scroll of enchant weapon for 82 gold pieces
 53693 | D:12     | Bought a scroll of identify for 22 gold pieces
 53693 | D:12     | Bought a scroll of identify for 22 gold pieces
 53693 | D:12     | Bought 3 scrolls of identify for 66 gold pieces
 53718 | D:12     | Reached skill level 3 in Charms
 53758 | Orc:1    | Bought a phantom mirror for 930 gold pieces
 53758 | Orc:1    | Bought a scroll of identify for 62 gold pieces
 53758 | Orc:1    | Bought a potion of ambrosia for 248 gold pieces
 53828 | Orc:2    | Bought a scroll of magic mapping for 52 gold pieces
 53828 | Orc:2    | Bought a scroll of fog for 30 gold pieces
 53828 | Orc:2    | Bought a scroll of enchant armour for 112 gold pieces
 53828 | Orc:2    | Bought a scroll of teleportation for 45 gold pieces
 53828 | Orc:2    | Bought a scroll of teleportation for 45 gold pieces
 53828 | Orc:2    | Bought a scroll of silence for 112 gold pieces
 53828 | Orc:2    | Bought a scroll of teleportation for 45 gold pieces
 54020 | D:15     | Reached skill level 1 in Air Magic
 54280 | Depths:3 | Gained mutation: You are frail. (-10% HP) [a shining eye]
 54305 | Depths:3 | Reached skill level 2 in Air Magic
 54368 | Depths:3 | Reached skill level 4 in Charms
 54370 | Depths:3 | Reached skill level 3 in Air Magic
 54495 | Depths:3 | Reached skill level 4 in Air Magic
 54679 | Depths:3 | Reached skill level 5 in Charms
 54849 | Depths:3 | Noticed Jory
 54855 | Depths:3 | Reached skill level 5 in Air Magic
 54862 | Depths:3 | jory with distortion and mara
 54862 | Depths:3 | okay
 54890 | Depths:3 | Gained mutation: You are weak. (Str -2) [a cacodemon]
 54971 | Depths:3 | Killed Mara
 54973 | Depths:3 | well, that's one
 55150 | Depths:4 | Reached skill level 6 in Air Magic
 55164 | Depths:4 | Reached skill level 6 in Charms
 55169 | Depths:4 | Reached XP level 24. HP: 206/206 MP: 16/16
 55184 | Depths:4 | Found a gateway to a ziggurat.
 55197 | Depths:4 | Noticed Louise
 55229 | Depths:4 | Killed Louise
 55318 | Depths:4 | Reached skill level 7 in Charms
 55326 | Depths:4 | Reached skill level 8 in Charms
 55532 | Depths:4 | Found a snail-covered altar of Cheibriados.
 55583 | Depths:4 | Reached skill level 9 in Charms
 55994 | D:7      | Learned a level 2 spell: Song of Slaying
 56587 | Depths:4 | Paralysed by a floating eye for 2 turns
 56636 | Depths:5 | Entered Level 5 of the Depths
 56928 | Depths:5 | Reached skill level 16 in Dodging
 57388 | Depths:5 | Reached skill level 17 in Fighting
 57463 | Depths:5 | Found a gate to the Realm of Zot.
 57809 | Zot:1    | Entered Level 1 of the Realm of Zot
 57828 | Zot:1    | Reached skill level 17 in Dodging
 58008 | Zot:1    | Found an opulent altar of Gozag.
 58052 | Zot:1    | Reached XP level 25. HP: 217/217 MP: 16/16
 58266 | Zot:1    | Reached skill level 18 in Dodging
 58552 | Zot:2    | HP: 14/218 [golden dragon (16)]
 58553 | Zot:2    | Slain by a golden dragon

Vault maps used:
D:1:      sevenhm_arrival_forest_fort_large_2
D:3:      goddamned_bats
D:4:      first_bread
D:7:      uniq_menkaure, uniq_joseph
D:8:      basic_altar, blue_anna_alchemist, serial_bayou_pond_e,
          xom_confusion_cloud
D:9:      serial_shops, shop_coins
D:10:     serial_shops, kennysheep_little_box
D:11:     minmay_lair_entry_lava, hangedman_abyss_or_decor_stagger, minivault_24
D:12:     kennysheep_orc_monster_closet_entryway, serial_shops, shop,
          basic_altar
D:13:     david_vaults_1, uniq_kirke, uniq_frances, uniq_snorg
D:14:     grunt_decor_arrowhead, lemuel_angel_altar, uniq_roxanne
D:15:     hangedman_depths_entry_try_elsewhere_first, ashenzari_altar_1
Temple:   kilobyte_greek_temple
Lair:1:   portal_ice_cave_entry_pillars_2, serial_bayou_shore_a,
          lemuel_fruit_tree
Lair:2:   minmay_swamp_entry_worms, uniq_nergalle, uniq_fannar
Lair:3:   nicolae_volcano_entry_lava_flow, minmay_lindwurm_lava
Lair:4:   dummy_spider_entry
Lair:5:   minmay_holes, beast_lair_carwin_7, grunt_megastairs_5
Lair:6:   due_jungle_book, minmay_slime_entry_oklob_enclosed,
          serial_bayou_lake_a
Swamp:1:  evilmike_swamp_ruin_rubble_2
Swamp:2:  evilmike_swamp_ruin_house_3, uniq_nikola
Swamp:3:  evilmike_swamp_ruin_rubble_1, uniq_aizul
Swamp:4:  swamp_old_school, swamp_pool1
Spider:1: uniq_agnes
Spider:4: spider_rune_water
Orc:1:    serial_shops, shop, basic_altar
Orc:2:    kennysheep_orc_mage_school, basic_altar, uniq_maurice
Elf:1:    minmay_coctagon, hangedman_elf_disciples
Elf:2:    small_statue_intersection
Elf:3:    elf_hall
Vaults:1: grunt_vaults_hallway_long, v_misc_29, vaults_dpeg_cross, v_rooms_2,
          v_misc_16, nicolae_vaults_circle_grid_a, ontoclasm_vaults_chip,
          v_misc_9, vaults_standard_mumra_x,
          nicolae_vaults_windows_and_doors_thing,
          nicolae_vaults_little_squares_4, serial_shops, shop, uniq_donald
Vaults:2: nicolae_vaults_angled_halls, nicolae_vaults_network_quinsquares,
          hangedman_vaults_capsules, hangedman_vaults_pinch,
          ontoclasm_vaults_shout, v_misc_22, ontoclasm_vaults_bender,
          uniq_saint_roka
Vaults:3: serial_ice_h, nicolae_vaults_asterisk,
          minmay_crypt_entry_simple_round, nicolae_vaults_network_quincunx,
          vaults_room_grid, nicolae_vaults_little_squares_1,
          vaults_standard_mumra_lines, hangedman_vaults_nodes, vaults_room_grid,
          nicolae_vaults_little_squares_1
Vaults:4: nicolae_vaults_little_squares_5, v_alt_pattern_1,
          ontoclasm_vaults_spin, hangedman_vaults_cutoff,
          nicolae_vaults_holding_cells, v_misc_12, v_rooms_5,
          nicolae_vaults_alarming, v_misc_12, vaults_room_stairs_pillars,
          nicolae_vaults_diagonal_hallway_7, ontoclasm_vaults_ligature,
          uniq_mennas
Depths:1: serial_shops, nicolae_shop_waterfront, lightli_too_deep,
          minmay_misc_feat_cross, lemuel_statue_altar
Depths:2: grunt_x_marks_the_spot, hell_entry, hangedman_decor_slide_cut
Depths:3: evilmike_diamond_2, minmay_misc_feat_iff, abyss_entry_flame_altar,
          grunt_hell_entry_dis_old, pan_entry, spider_trap,
          infiniplex_staircase_door_maze, uniq_bai_suzhen, uniq_mara, uniq_jory
Depths:4: kennysheep_bubbly, enter_ziggurat_a, hell_entry,
          nicolae_abyss_entry_one_way_or_another, pan_entry,
          cheibriados_altar_1, kennysheep_small_spiral, kennysheep_small_circle
Depths:5: grunt_zot_entry_funnels, roderic_lattice_a, hell_entry, abyss_entry
Zot:1:    basic_altar
Zot:2:    kennysheep_spiral_hall, hangedman_zot_decor_scrapings,
          grunt_ministairs_4
Volcano:  volcano_lake

Skill      XL: |  1  2  3  4  5  6  7  8  9 10 11 12 13 14 15 16 17 18 19 20 21 22 23 24 25 |
---------------+----------------------------------------------------------------------------+-----
Fighting       | 1 2 4 5 6 8 10 12 15 16 17 | 17.9
Dodging        | 2 5 6 7 10 13 14 15 17 18 | 18.0
Axes           | 1 2 4 6 8 10 11 12 13 15 17 18 | 18.7
Maces & Flails | 2 4 7 11 13 | 13.6
Shields        | 5 7 8 9 10 | 10.6
Evocations     | 5 8 9 11 | 11.0
Invocations    | 4 8 10 11 | 11.2
Armour         | 7 8 9 10 11 15 16 | 16.5
Throwing       | 6 8 |  8.7
Staves         | 8 13 14 15 16 | 16.9
Charms         | 6 9 |  9.0
Air Magic      | 6 |  6.0
Stealth        | |  1.2
Spellcasting   | |  2.6
Transmutations | |  1.7

Action                   |  1- 3 |  4- 6 |  7- 9 | 10-12 | 13-15 | 16-18 | 19-21 | 22-24 | 25-27 || total
-------------------------+-------+-------+-------+-------+-------+-------+-------+-------+-------++-------
Melee: Club              |    24 |       |       |       |       |       |       |       |       ||    24
       Dagger            |    75 |       |       |       |       |       |       |       |       ||    75
       Short sword       |    67 |       |       |       |       |       |       |       |       ||    67
       Mace              |    51 |   136 |    17 |       |       |       |       |       |       ||   204
       War axe           |       |   169 |   438 |  1230 |   320 |       |       |       |       ||  2157
       Flail             |       |    18 |       |       |       |       |       |       |       ||    18
       Morningstar       |       |       |    55 |     6 |  1612 |   412 |       |       |       ||  2085
       Battleaxe         |       |       |    24 |       |       |       |       |  1685 |    76 ||  1785
       Lajatang          |       |       |       |       |       |  1672 |  2313 |   186 |       ||  4171
 Fire: Hunting sling     |       |    14 |     8 |     7 |       |       |       |       |       ||    29
       Blowgun           |       |       |       |       |       |     5 |       |       |       ||     5
Throw: Javelin           |       |       |       |       |     5 |     8 |       |     2 |       ||    15
       Tomahawk          |       |       |       |       |     4 |    39 |       |       |       ||    43
 Cast: Infusion          |    13 |     3 |       |       |       |       |       |       |       ||    16
       Shroud of Golubri |     5 |    23 |    10 |       |       |       |       |       |       ||    38
       Repel Missiles    |       |       |       |       |       |       |       |     1 |       ||     1
Invok: Minor Destruction |       |       |       |     4 |       |       |       |       |       ||     4
       Lesser Servant of |       |       |       |    10 |    32 |    15 |    11 |     2 |       ||    70
       Greater Servant o |       |       |       |       |       |       |       |     4 |       ||     4
 Abil: Heal Wounds       |     2 |     7 |    25 |    17 |    19 |     1 |    13 |     2 |       ||    86
       Evoke Flight      |       |       |       |       |     1 |       |       |       |       ||     1
Evoke: Wand              |       |     2 |    33 |    28 |    15 |    11 |     4 |     4 |       ||    97
       Sack of spiders   |       |       |       |       |       |     5 |     3 |       |       ||     8
       Box of beasts     |       |       |       |       |       |       |       |     1 |       ||     1
  Use: Scroll            |     2 |     5 |    15 |    13 |    20 |    15 |    16 |    22 |     5 ||   113
       Potion            |       |       |     3 |     2 |     5 |     5 |     8 |       |     1 ||    24
 Stab: Sleeping          |     1 |       |       |     6 |       |       |       |       |       ||     7
       Confused          |       |       |       |     2 |     1 |     3 |     2 |       |       ||     8
       Paralysed         |       |       |       |    16 |    15 |       |       |       |       ||    31
       Distracted        |       |       |       |     1 |     7 |     7 |     2 |     3 |       ||    20
  Eat: Chunk             |     2 |     9 |    13 |    27 |    42 |    23 |    35 |    14 |     1 ||   166
       Pizza             |     1 |       |       |       |       |     2 |       |     1 |       ||     4
       Royal jelly       |       |       |     1 |       |       |     2 |       |       |       ||     3
       Beef jerky        |       |       |       |     3 |       |       |       |     1 |       ||     4
       Fruit             |       |       |       |       |       |     5 |     7 |     8 |       ||    20
       Bread ration      |       |       |       |       |       |     1 |       |     3 |       ||     4
Armor: Robe              |    11 |       |       |       |       |       |       |       |       ||    11
       Leather armour    |    36 |    83 |       |       |       |       |       |       |       ||   119
       Ring mail         |       |    39 |   121 |   290 |       |       |       |       |       ||   450
       Skin              |       |       |    65 |       |       |       |       |       |       ||    65
       Scale mail        |       |       |       |   103 |   586 |       |       |       |       ||   689
       Plate armour      |       |       |       |       |   215 |  1775 |  1349 |   220 |       ||  3559
       Gold dragon scale |       |       |       |       |       |       |       |  1370 |   166 ||  1536
Dodge: Dodged            |   158 |   283 |   182 |   417 |   520 |   985 |  1080 |  1191 |   136 ||  4952
       Deflected         |       |       |       |       |       |       |       |    10 |       ||    10
Block: Shield            |       |       |   207 |   577 |   958 |   264 |       |       |       ||  2006
       Other             |       |       |       |       |       |       |       |    46 |    35 ||    81
       Reflection        |       |       |       |       |       |       |       |     1 |       ||     1
